 Dungeon Crawl Stone Soup version 0.31.0-9-g3a7656b989 (webtiles) character file.

Game seed: 10946030364597764058

46 qw the Shooter (level 3, -1/18 HPs)
             Began as a Spriggan Hunter on Feb 2, 2024.
             Slain by a black bear (2 damage)
             ... on level 2 of the Dungeon.
             The game lasted 00:00:02 (805 turns).

qw the Shooter (Spriggan Hunter)                     Turns: 805, Time: 00:00:02

Health: -1/18      AC:  2    Str:  7    XL:     3   Next: 46%
Magic:  4/4        EV: 19    Int: 10    God:
Gold:   72         SH:  0    Dex: 20    Spells: 2/2 levels left

rFire   . . .        a - +0 shortbow
rCold   . . .        (shield currently unavailable)
rNeg    . . .        c - +0 robe
rPois   .            (helmet restricted)
rElec   .            (no cloak)
rCorr   .            (gloves unavailable)
SInv    +            (boots unavailable)
Will    .....        (no amulet)
Stlth   ++           (no ring)
HPRegen 0.23/turn    (no ring)
MPRegen 0.09/turn

%: no passive effects
@: very quick
A: very small, no large weapons, unfitting armour, see invisible, speed 3
a: no special abilities


You were on level 2 of the Dungeon.
You visited 1 branch of the dungeon, and saw 2 of its levels.

You collected 72 gold pieces.


Innate Abilities, Weirdness & Mutations

You are very small and have problems with some larger weapons.
You are too small for most types of armour.
You have supernaturally acute eyesight. (SInv)
You cover ground extremely quickly. (Speed+++)


   Skills:
 - Level 1.5 Fighting
 + Level 4.7 Ranged Weapons
 - Level 4.0 Dodging
 - Level 1.5 Stealth


You had 2 spell levels left.
You didn't know any spells.
Your spell library was empty.

Inventory:

Hand Weapons
 a - a +0 shortbow (weapon)
Armour
 c - a +0 robe (worn)
Scrolls
 e - a scroll of identify

Dungeon Overview and Level Annotations

Branches:
Dungeon (2/15)

Altars:


Message History

You see here a +0 quarterstaff.
A hobgoblin comes into view.
The hobgoblin shouts!
You shoot an arrow. The arrow hits the hobgoblin!
You kill the hobgoblin!
You see here a hobgoblin corpse.
A black bear comes into view.
You shoot an arrow. The arrow hits the black bear!
The black bear is moderately wounded.
You shoot an arrow.
The arrow closely misses the black bear.
You shoot an arrow.
The arrow hits the black bear but does no damage.
The black bear is moderately wounded.
You shoot an arrow. The arrow hits the black bear.
The black bear is moderately wounded.
You shoot an arrow. The arrow hits the black bear.
The black bear is heavily wounded.
The black bear closely misses you. The black bear misses you.
The black bear closely misses you.
You shoot an arrow.
The arrow hits the black bear but does no damage.
The black bear is heavily wounded.
The black bear bites you! The black bear closely misses you.
The black bear barely misses you.
You shoot an arrow.
The arrow closely misses the black bear.
The black bear closely misses you. x2; The black bear completely misses you.
You shoot an arrow. The arrow hits the black bear!
The black bear is severely wounded.
The black bear goes berserk!
The black bear misses you. x2
The black bear barely misses you.
You shoot an arrow. The arrow barely misses the black bear.
The black bear bites you. The black bear claws you.
The black bear completely misses you.
You shoot an arrow. The arrow hits the black bear!
The black bear is almost dead.
The black bear misses you. The black bear barely misses you.
The black bear claws you. The black bear bites you.
You die...

####### ###. #.....
..... #.#..#......
#..#@h....#
#...#...##.. #.#..#..#
##.....#...
###.......#.#.#
########......##......
###.............#
.#..#.
..%.######.....#.....#.
##### ##.#......#..


You could see a black bear (berserk).

Vanquished Creatures
  An adder (D:2)
  An endoplasm (D:1)
  2 giant cockroaches (D:1)
  6 hobgoblins
  10 jackals (D:1)
  6 ball pythons
  2 goblins (D:1)
  3 kobolds (D:1)
31 creatures vanquished.

Notes
Turn   | Place    | Note
-------+----------+-------------------------------------------
     0 | D:1      | qw the Spriggan Hunter began the quest for the Orb.
     0 | D:1      | Reached XP level 1. HP: 10/10 MP: 2/2
     0 | D:1      | 0 ||| qw: Version: 0.3-a-155-g5e7d8dd
     0 | D:1      | 0 ||| qw: Game counter: 1650
     0 | D:1      | 0 ||| qw: Melee chars always use a shield: true
     0 | D:1      | 0 ||| qw: God list: Okawaru
     0 | D:1      | 0 ||| qw: Allow faded altars: false
     0 | D:1      | 0 ||| qw: Do Orc after clearing Dungeon:15 true
     0 | D:1      | 0 ||| qw: Do second Lair branch before Depths: true
     0 | D:1      | 0 ||| qw: Lair rune preference: random
     0 | D:1      | 0 ||| qw: Goals: Normal
     0 | D:1      | 0 ||| PLANNING D:1-11
    59 | D:1      | Reached skill level 3 in Dodging
    90 | D:1      | Reached XP level 2. HP: 14/14 MP: 3/3
   206 | D:1      | 206 ||| RETREEEEATING.
   464 | D:1      | Reached XP level 3. HP: 18/18 MP: 4/4
   577 | D:1      | 577 ||| READING 2 scrolls labelled HOUDGH NAFUMEKK.
   578 | D:1      | 578 ||| READING 2 scrolls labelled GOROHO VICWAVI.
   579 | D:1      | 579 ||| DROPPING scroll of butterflies.
   580 | D:1      | 580 ||| DROPPING scroll of immolation.
   795 | D:2      | Noticed a black bear
   804 | D:2      | HP: 4/18 [black bear (6)]
   805 | D:2      | HP: 1/18 [black bear (4)]
   805 | D:2      | Slain by a black bear

Levels and vault maps discovered:
D:1:      shiori_arrival_oz, layout_loops_ring, kennysheep_pointless_box
D:2:      layout_loops_cross, basic_altar, hangedman_decor_opposing,
          nicolae_shop_vocational

Skill      XL: |  1  2 |
---------------+-------+-----
Dodging        | 3 4 |  4.0
Fighting       | |  1.5
Ranged Weapons | |  4.7
Stealth        | |  1.5

Action                     || total
---------------------------++-------
   Fire: Shortbow          ||    75
    Use: Scroll            ||     2
 Armour: Robe              ||    12
  Dodge: Dodged            ||    47

Table legend:
 A = Non-vault XP
 B = Vault XP
 C = Vault XP percentage of total XP
 D = Non-vault monster count
 E = Vault monster count
 F = Vault count percentage of total count
                 A         B        C        D         E       F
            +---------+---------+-------+---------+---------+-------
      Total |      65 |       2 |   3.0 |      30 |       1 |   3.2
            +---------+---------+-------+---------+---------+-------
        D:1 |      49 |       2 |   3.9 |      27 |       1 |   3.6
        D:2 |      16 |       0 |   0.0 |       3 |       0 |   0.0
            +---------+---------+-------+---------+---------+-------
